 Dungeon Crawl Stone Soup version 0.25-a0-265-g7af84ae (webtiles) character file.

Game seed: 3016393413482449407, levelgen mode: deterministic

222 Birdy the Bolt Thrower (level 5, -6/45 HPs)
             Began as a Draconian Hunter on Dec 9, 2019.
             Mangled by a sun demon (13 damage)
             ... summoned by a kobold demonologist
             ... on level 3 of the Dungeon.
             The game lasted 00:05:26 (1712 turns).

Birdy the Bolt Thrower (Draconian Hunter)           Turns: 1712, Time: 00:05:26

Health: -6/45      AC:  7    Str: 15    XL:     5   Next: 66%
Magic:  5/5        EV: 13    Int: 11    God:
Gold:   113        SH:  0    Dex: 16    Spells: 4/4 levels left

rFire    . . .     SeeInvis .     - Unarmed
rCold    . . .     Gourm    +   (no shield)
rNeg     . . .     Faith    .   (armour unavailable)
rPois    .         Spirit   .   (helmet restricted)
rElec    .         Reflect  .   (no cloak)
rCorr    .         Harm     .   h - +1 pair of gloves {archery}
MR       .....                  (no boots)
Stlth    +++.......             f - amulet of the gourmand
HPRegen  0.15/turn              n - ring of stealth
MPRegen  0.09/turn              m - +4 ring of dexterity

@: no status effects
A: unfitting armour, cold-blooded, AC +5
a: no special abilities


You were on level 3 of the Dungeon.
You were not hungry.

You visited 1 branch of the dungeon, and saw 3 of its levels.

You collected 113 gold pieces.

Inventory:

Hand Weapons
 a - a +2 hand crossbow
Missiles
 c - a bolt
Armour
 h - a +1 pair of gloves of archery (worn)
Jewellery
 f - an amulet of the gourmand (around neck)
 m - a +4 ring of dexterity (right hand)
 n - a ring of stealth (left hand)
Wands
 k - a wand of flame (19)
Potions
 b - 2 potions of heal wounds
 e - 2 potions of curing {unknown}
 g - 2 potions of brilliance {unknown}
 i - a potion of agility {unknown}
 j - a potion of might {unknown}
 l - a potion of resistance {unknown}
Comestibles
 d - 5 rations


   Skills:
 + Level 3.3 Fighting
 * Level 4.7 Crossbows
 + Level 2.6 Dodging
 - Level 0.8 Stealth
 * Level 3.0 Unarmed Combat


You had 4 spell levels left.
You didn't know any spells.
Your spell library was empty.

Dungeon Overview and Level Annotations

Branches:
Dungeon (3/15)

Altars:

Annotations:
D:3 1 transporter


Innate Abilities, Weirdness & Mutations

Your plain brown scales are hard. (AC +5)
You cannot fit into any form of body armour.
You are cold-blooded and may be slowed by cold attacks.


Message History

The puff of flame hits the kobold demonologist.
The kobold demonologist is lightly wounded.
Evoke which item? (* to show all) (? for menu, Esc to quit)
Aiming: Throw Flame
Press: ? - help, Shift-Dir - straight line, f/p - kobold demonologist
Aim: a kobold demonologist, wielding a +0 dagger and wearing a +0 robe (lightly wounded)
The puff of flame hits the sun demon.
The sun demon completely resists.
The kobold demonologist casts a spell.
You are now empty-handed.
You hit the sun demon but do no damage.
You tail-slap the sun demon, but do no damage.
The sun demon hits you!
You are engulfed in flames!
The kobold demonologist gestures wildly while chanting.
Sorry, you're not good enough to have a special ability.
Unknown command.
The white imp shouts, "Give up, thou odious pigeon-egg toady!"
The sun demon hits you!!
* * * LOW HITPOINT WARNING * * *
You are engulfed in flames!
You die...

...# ## ...# ##.. ######. ..##
# ..###....... ...### .#
#...........
.....##..#...#.##########
.....†.....# #.#8P#5))...
.........#####.#P.#≈≈≈≈≈≈
...####..# ##..#..#..≈P≈..#.$
....†###.###..©#@335.P♣≈!.+/©#
.#.........#.(.#..#..5≈≈..#.$#
.#.#.....#.#...#P.#≈≈≈≈≈≈≈#.P#
...####......#.#8P#5K5....#≈8#
...# .....##.###############
##..# .##....................
##... ##.................#
#..# #.....#..........##
###...# #....#...###...####


You could see 2 sun demons, a kobold demonologist, a white imp, 2 shadow imps
and 2 ufetubi.

Vanquished Creatures
  A centaur skeleton (D:3)
  2 orc priests (D:3)
  3 gnolls (D:2)
  An adder (D:3)
  4 oozes
  2 worms (D:2)
  A dart slug (D:1)
  A leopard gecko (D:3)
  4 orcs (D:3)
  5 giant cockroaches
  8 goblins
  A hobgoblin (D:3)
  6 jackals
  5 kobolds
  2 quokkas
  7 bats
  4 frilled lizards
  14 rats
71 creatures vanquished.

Notes
Turn   | Place    | Note
-------+----------+-------------------------------------------
     0 | D:1      | Birdy the Draconian Hunter began the quest for the Orb.
     0 | D:1      | Reached XP level 1. HP: 17/17 MP: 1/1
    59 | D:1      | Reached XP level 2. HP: 25/25 MP: 2/2
   199 | D:1      | Reached skill level 1 in Unarmed Combat
   348 | D:1      | Reached XP level 3. HP: 30/30 MP: 3/3
   480 | D:1      | Reached skill level 4 in Crossbows
  1019 | D:2      | Reached XP level 4. HP: 30/37 MP: 4/4
  1394 | D:3      | Reached XP level 5. HP: 42/45 MP: 5/5
  1568 | D:3      | Noticed a kobold demonologist
  1573 | D:3      | Found a transporter.
  1573 | D:3      | Found a transporter.
  1708 | D:3      | Noticed a sun demon
  1712 | D:3      | Noticed a sun demon
  1712 | D:3      | Mangled by a sun demon

Levels and vault maps discovered:
D:1:      dpeg_arrival_simpleton_c, layout_loops_ring
D:2:      layout_basic, minmay_rat_gold_closets
D:3:      gammafunk_wand_slinger, layout_rooms, zin_angel,
          nemelex_xobeh_ov_fountains_minmay

Skill      XL: |  1  2  3  4  5 |
---------------+----------------+-----
Unarmed Combat | 1 2 3 |  3.0
Dodging        | 2 |  2.6
Crossbows      | 4 |  4.7
Fighting       | 3 |  3.3
Stealth        | |  0.8

Action                   |  1- 3 |  4- 6 || total
-------------------------+-------+-------++-------
Melee: Unarmed           |    40 |    38 ||    78
       Punch             |     1 |       ||     1
       Tailslap          |     5 |     5 ||    10
 Fire: Hand crossbow     |    66 |    37 ||   103
Evoke: Wand              |       |     9 ||     9
  Use: Scroll            |     4 |     2 ||     6
 Stab: Sleeping          |     4 |     2 ||     6
  Eat: Chunk             |       |     5 ||     5
Armor: Skin              |    21 |    19 ||    40
Dodge: Dodged            |    34 |    29 ||    63

Table legend:
 A = Non-vault XP
 B = Vault XP
 C = Vault XP percentage of total XP
 D = Non-vault monster count
 E = Vault monster count
 F = Vault count percentage of total count
                 A         B        C        D         E       F
            +---------+---------+-------+---------+---------+-------
      Total |     226 |      92 |  28.9 |      59 |      12 |  16.9
            +---------+---------+-------+---------+---------+-------
        D:1 |      49 |       0 |   0.0 |      19 |       0 |   0.0
        D:2 |      92 |      10 |   9.8 |      24 |      10 |  29.4
        D:3 |      85 |      82 |  49.1 |      16 |       2 |  11.1
            +---------+---------+-------+---------+---------+-------
